 Dungeon Crawl Stone Soup version 0.21.1-1-g345015f (webtiles) character file.

13108 joklet the Cleaver (level 12, -1/112 HPs)
             Began as a Hill Orc Fighter on Mar 12, 2018.
             Was a Believer of Uskayaw.
             Slain by a blink frog (8 damage)
             ... on level 3 of the Lair of Beasts.
             The game lasted 00:41:27 (9833 turns).

joklet the Cleaver (Hill Orc Fighter)               Turns: 9833, Time: 00:41:27

Health: -1/112     AC: 15    Str: 24    XL:     12   Next: 2%
Magic:  14/18      EV:  7    Int:  8    God:    Uskayaw [**....]
Gold:   440        SH: 12    Dex: 10    Spells: 9/11 levels left

rFire    + . .     SeeInvis .   a - +1 war axe
rCold    + . .     Gourm    .   c - +0 shield
rNeg     . . .     Faith    .   o - +0 chain mail
rPois    .         Spirit   .   m - +2 helmet
rElec    .         Reflect  .   b - scarf {cloud immunity}
rCorr    .         Harm     .   h - +0 pair of gloves
MR       .....                  (no boots)
Stlth    ..........             (no amulet)
HPRegen  0.28/turn              s - ring of protection from fire
MPRegen  0.16/turn              K - ring of protection from cold

@: no status effects
A: no striking features
a: Stomp, Line Pass, Renounce Religion


You were on level 3 of the Lair of Beasts.
You worshipped Uskayaw.
Uskayaw was aware of your devotion.
You were near starving.

You visited 2 branches of the dungeon, and saw 11 of its levels.

You collected 648 gold pieces.
You spent 208 gold pieces at shops.

Inventory:

Hand Weapons
 a - a +1 war axe (weapon)
 x - the +8 trident of the Octopus King {venom, rElec rPois MR+}
   (You found it on level 4 of the Dungeon)

   It poisons the flesh of those it strikes.
   It insulates you from electricity.
   It protects you from poison.
   It affects your resistance to hostile enchantments.
 D - the +8 great sword of Kuuvasm {protect, *Rage rPois Str+3}
   (You found it on level 5 of the Dungeon)

   It protects the one who uses it against injury (+AC on strike).
   It affects your strength (+3).
   It protects you from poison.
   It may make you go berserk in combat.
Missiles
 g - 56 poisoned needles
Armour
 b - a scarf of cloud immunity (worn)
 c - a +0 shield (worn)
 h - a +0 pair of gloves (worn)
 m - a +2 helmet (worn)
 o - a +0 chain mail (worn)
 B - a +1 cloak of magic resistance
Jewellery
 s - a ring of protection from fire (left hand)
 E - an uncursed ring of ice
 K - a ring of protection from cold (right hand)
Wands
 p - a wand of digging (13)
 A - a wand of scattershot (4)
 I - a wand of paralysis (23)
Scrolls
 e - 4 scrolls of teleportation
 l - 3 scrolls of enchant weapon
 q - 7 scrolls of remove curse
 y - a scroll of enchant armour {unknown}
 F - a scroll of fear
 H - 8 scrolls of identify
 J - 2 scrolls of noise
Potions
 d - a potion of might
 i - 3 potions of agility {unknown}
 j - 2 potions of haste {unknown}
 k - 5 potions of brilliance
 n - 3 potions of curing
 r - 4 potions of mutation {unknown}
 t - 4 potions of degeneration {unknown}
 u - 3 potions of flight
 w - a potion of ambrosia {unknown}
 z - a potion of cancellation {unknown}
 C - 2 potions of heal wounds
Books
 v - a book of Cantrips

   Spells                             Type                      Level
   a - Confusing Touch                Hexes                        1
   b - Animate Skeleton               Necromancy                   1
   c - Summon Small Mammal            Summoning                    1
   d - Apportation                    Translocation                1
 G - a book of Party Tricks

   Spells                             Type                      Level
   a - Summon Butterflies             Summoning                    1
   b - Apportation                    Translocation                1
   c - Lesser Beckoning               Translocation                3
   d - Tukima's Dance                 Hexes                        3
   e - Alistair's Intoxication        Transmutation/Poison         5
   f - Invisibility                   Hexes                        6
Comestibles
 f - 24 rations


   Skills:
 + Level 11.8 Fighting
 + Level 13.3 Axes
 + Level 8.5 Armour
 + Level 9.3 Shields
 * Level 8.9 Invocations
 - Level 1.0 Evocations


You had 9 spell levels left.
You knew the following spells:

 Your Spells              Type           Power        Failure   Level  Hunger
a - Apportation           Tloc           #.....       99%         1    ##.....
b - Summon Butterflies    Summ           #.......     99%         1    ##.....


Dungeon Overview and Level Annotations

Branches:
Dungeon (8/15)             Temple (0/1) D:5            Lair (3/6) D:8
 Spider (0/4) Lair:2
  Swamp: Lair:2-4    Shoals: Lair:2-4

Altars:
Ashenzari
Uskayaw

Shops:
D:4 !   D:7 [


Message History

The blink frog is heavily wounded.
You block the blink frog's attack.
You are too injured to fight recklessly!
You are too injured to fight recklessly!
You are too injured to fight recklessly!
You are too injured to fight recklessly!
You hit the blink frog.
The blink frog is severely wounded.
The blink frog hits you!
* * * LOW HITPOINT WARNING * * *
The blink frog blinks!
You block the blink frog's attack. The blink frog hits you.
* * * LOW HITPOINT WARNING * * *
You miss the blink frog.
The blink frog is heavily wounded.
The blink frog hits you but does no damage.
You slash the blink frog!
The blink frog is almost dead.
The blink frog hits you!
You die...

##...# #.#...# #
#P... #.P.###
..#....####...#
..............##
...............#
...............#
##.............#
#.#...#........#
.......@.##.#..#
.......F%#....##
..............#
..............#
.......$.#.####
.........###
.##....### #####


You could see a blink frog.

Vanquished Creatures
  Gastronok (Lair:3)
  Fannar (Lair:3)
  Nergalle (Lair:2)
  Pikel (D:5)
  The ghost of
  1994 the Skirmisher, a novice OgBe of Trog (D:4)
  Joseph (D:7)
  A gargoyle (D:8)
  2 spiny frogs
  A komodo dragon (Lair:1)
  A hippogriff (Lair:1)
  2 blink frogs (Lair:3)
  4 redbacks (Lair:2)
  Sigmund (D:5)
  3 yaks (Lair:2)
  A steam dragon (D:8)
  Duvessa (D:4)
  A water moccasin (Lair:1)
  3 porcupines
  An orc warrior (D:8)
  A swamp drake (Lair:1)
  4 slaves (D:5)
  2 ice beasts
  3 sky beasts
  4 ogres
  9 wolves
  2 necrophages
  2 phantoms
  2 centaurs
  19 crocodiles
  10 bullfrogs
  3 scorpions
  Dowan (D:4)
  An electric eel (Lair:3)
  4 wights (D:8)
  4 howler monkeys
  A quasit (D:6)
  A centaur zombie (D:7)
  2 bullfrog zombies
  A hound (D:8)
  A bullfrog skeleton (D:4)
  4 orc priests
  4 iguanas
  Crazy Yiuf (D:4)
  6 worker ants
  A hound zombie (D:5)
  A hound skeleton (D:4)
  9 adders
  3 gnolls (D:6)
  4 shadow imps
  3 worms
  2 dart slugs
  16 leopard geckos
  25 orcs
  6 giant cockroaches
  12 hobgoblins
  9 jackals
  7 quokkas
  4 ball pythons
  8 bats
  10 frilled lizards
  7 goblins
  7 kobolds
  5 rats
  2 fungi (Lair:2)
261 creatures vanquished.

Vanquished Creatures (others)
  A leopard gecko (Lair:1)
  A frilled lizard (Lair:1)
  A bush (Lair:1)
  2 fungi
5 creatures vanquished.

Grand Total: 266 creatures vanquished

Notes
Turn   | Place    | Note
-------+----------+-------------------------------------------
     0 | D:1      | joklet the Hill Orc Fighter began the quest for the Orb.
     0 | D:1      | Reached XP level 1. HP: 19/19 MP: 1/1
    99 | D:1      | Reached XP level 2. HP: 18/27 MP: 2/2
   152 | D:1      | Reached skill level 3 in Axes
   561 | D:1      | Reached XP level 3. HP: 33/33 MP: 3/3
   961 | D:2      | Reached skill level 4 in Axes
  1434 | D:2      | Reached XP level 4. HP: 39/40 MP: 4/4
  1650 | D:2      | Found a hide-covered altar of Uskayaw.
  1661 | D:2      | Became a worshipper of Uskayaw the Reveler
  1888 | D:3      | Reached * piety under Uskayaw
  2228 | D:3      | Reached ** piety under Uskayaw
  2233 | D:3      | Reached *** piety under Uskayaw
  2234 | D:3      | Reached skill level 5 in Axes
  2234 | D:3      | Reached skill level 1 in Invocations
  2234 | D:3      | Reached XP level 5. HP: 28/46 MP: 5/5
  2394 | D:4      | Noticed Dowan
  2395 | D:4      | Noticed Duvessa
  2405 | D:4      | Killed Dowan
  2405 | D:4      | Reached XP level 6. HP: 33/53 MP: 2/7
  2407 | D:4      | Killed Duvessa
  2407 | D:4      | Reached skill level 6 in Axes
  2515 | D:4      | Reached XP level 7. HP: 30/60 MP: 9/9
  2533 | D:4      | Found Eduah's Distillery.
  2538 | D:4      | Bought 2 potions of curing for 78 gold pieces
  2538 | D:4      | Bought 2 potions of heal wounds for 130 gold pieces
  2598 | D:4      | Reached skill level 5 in Fighting
  2598 | D:4      | Reached skill level 7 in Axes
  2663 | D:4      | Noticed 1994's ghost (novice OgBe)
  2674 | D:4      | HP: 1/61 [1994's ghost (8)]
  2693 | D:4      | Killed 1994's ghost
  2693 | D:4      | Reached skill level 8 in Axes
  2693 | D:4      | Reached XP level 8. HP: 16/70 MP: 10/10
  3057 | D:4      | Reached skill level 5 in Armour
  3098 | D:4      | Reached skill level 9 in Axes
  3171 | D:4      | Found the +8 trident of the Octopus King {venom, rElec rPois MR+}
  3515 | D:4      | Found a runed door.
  3888 | D:4      | Noticed Crazy Yiuf
  3890 | D:4      | Killed Crazy Yiuf
  3890 | D:4      | Reached skill level 5 in Shields
  3956 | D:5      | Entered Level 5 of the Dungeon
  3988 | D:5      | Got a sapphire great sword
  3991 | D:5      | Identified the +8 great sword of Kuuvasm {protect, *Rage rPois Str+3} (You found it on level 5 of the Dungeon)
  4057 | D:5      | Found a staircase to the Ecumenical Temple.
  4262 | D:5      | Noticed Sigmund
  4277 | D:5      | Killed Sigmund
  4328 | D:5      | Noticed Pikel
  4363 | D:5      | Killed Pikel
  4363 | D:5      | Reached skill level 10 in Axes
  4363 | D:5      | Reached XP level 9. HP: 66/79 MP: 11/11
  4385 | D:5      | Got a translucent ring mail
  4941 | D:6      | Found a shattered altar of Ashenzari.
  5169 | D:6      | Identified the cursed +0 ring mail of Complete Protection {Str+3 Dex+4 Stlth+} (You found it on level 5 of the Dungeon)
  5528 | D:7      | Reached skill level 11 in Axes
  5528 | D:7      | Reached **** piety under Uskayaw
  5616 | D:7      | Noticed Joseph
  5624 | D:7      | Killed Joseph
  5922 | D:7      | Reached XP level 10. HP: 90/90 MP: 13/13
  6034 | D:7      | Found Agymuko's Armour Boutique.
  6061 | D:7      | Reached skill level 5 in Invocations
  6187 | D:8      | Noticed a gargoyle
  6191 | D:8      | Killed a gargoyle
  6256 | D:8      | Reached skill level 1 in Evocations
  6742 | D:8      | Found a staircase to the Lair.
  6768 | Lair:1   | Entered Level 1 of the Lair of Beasts
  6800 | Lair:1   | Noticed a spiny frog
  6813 | Lair:1   | HP: 4/93 [spiny frog (11)]
  6815 | Lair:1   | Killed a spiny frog
  6815 | Lair:1   | Reached skill level 10 in Fighting
  7451 | Lair:1   | Reached ***** piety under Uskayaw
  7580 | Lair:1   | Reached XP level 11. HP: 45/101 MP: 12/16
  7736 | Lair:1   | Reached skill level 12 in Axes
  8409 | Lair:2   | Found a hole to the Spider Nest.
  8994 | Lair:2   | Learned a level 1 spell: Apportation
  9004 | Lair:2   | Learned a level 1 spell: Summon Butterflies
  9061 | Lair:2   | Noticed Nergalle
  9079 | Lair:2   | HP: 3/102 [Nergalle/bolt of negative energy (35)]
  9418 | Lair:2   | Killed Nergalle
  9498 | Lair:3   | Noticed Gastronok
  9534 | Lair:3   | Killed Gastronok
  9534 | Lair:3   | Reached skill level 13 in Axes
  9690 | Lair:3   | Noticed Fannar
  9735 | Lair:3   | Killed Fannar
  9817 | Lair:3   | Reached XP level 12. HP: 16/111 MP: 14/18
  9833 | Lair:3   | Slain by a blink frog

Skill      XL: |  1  2  3  4  5  6  7  8  9 10 11 |
---------------+----------------------------------+-----
Axes           | 3 4 5 6 8 10 11 13 | 13.3
Fighting       | 4 6 7 8 10 11 | 11.8
Invocations    | 1 2 4 6 8 |  8.9
Armour         | 4 5 6 7 8 |  8.5
Shields        | 4 6 8 9 |  9.3
Evocations     | 1 |  1.0

Action                   |  1- 3 |  4- 6 |  7- 9 | 10-12 || total
-------------------------+-------+-------+-------+-------++-------
Melee: War axe           |   128 |   104 |   233 |   243 ||   708
       Trident           |       |       |    77 |   193 ||   270
Invok: Stomp             |       |     2 |       |    13 ||    15
       Line Pass         |       |       |     1 |     2 ||     3
Evoke: Wand              |       |       |     4 |    16 ||    20
  Use: Scroll            |       |     5 |     2 |     9 ||    16
       Potion            |       |     2 |     5 |     6 ||    13
 Stab: Paralysed         |       |     4 |     3 |    28 ||    35
       Confused          |       |       |       |     2 ||     2
  Eat: Chunk             |     2 |     4 |     8 |    14 ||    28
       Ration            |       |       |     1 |       ||     1
Armor: Scale mail        |    48 |    23 |       |       ||    71
       Chain mail        |       |    16 |   134 |   214 ||   364
Dodge: Dodged            |    36 |    26 |    72 |   115 ||   249
Block: Shield            |    64 |    51 |   149 |   246 ||   510
